[Event "Sheikh Russel GM 2021"]
[Site "Dhaka"]
[Date "2021.10.23"]
[Round "5.14"]
[White "Pranav Vijay"]
[Black "Koustav Chatterjee"]
[Result "0-1"]
[ECO "B90"]
[WhiteElo "2265"]
[BlackElo "2431"]
[Annotator "ChessBase"]
[PlyCount "148"]
[EventDate "2021.10.19"]
[EventType "swiss"]
[EventCountry "BAN"]
[SourceTitle "playchess.com"]
[Source "ChessBase"]
[SourceQuality "1"]
[TimeControl "40/5400+30:1800+30"]

1. e4 c5 2. Nf3 d6 3. d4 cxd4 4. Nxd4 Nf6 5. Nc3 a6 6. Be3 e5 7. Nb3 Be6 8. Qd2 Nbd7 9. f3 h5 10. Be2 Be7 11. O-O b5 12. a4 b4 13. Nd5 Bxd5 14. exd5 Nb6 15. Bxb6 Qxb6+ 16. Kh1 h4 17. Bd3 Nh5 18. Qf2 Qxf2 19. Rxf2 Nf4 20. Bc4 f5 21. a5 Kf7 22. Ra4 Rhb8 23. Nc1 Bd8 24. g3 hxg3 25. hxg3 Nh5 26. Kg2 Rc8 27. b3 Rc5 28. Nd3 Rxa5 29. Rxb4 Ra7 30. Rb8 Bf6 31. Rb6 Rd7 32. Rxa6 Rxa6 33. Bxa6 Ra7 34. Bc8 g6 35. Nb4 Rc7 36. Ba6 Rc3 37. Bd3 Bd8 38. Rf1 Bb6 39. Na2 Rc7 40. Bc4 Bc5 41. Nc3 Rc8 42. Rb1 Ke7 43. Nb5 Ra8 44. b4 Be3 45. c3 f4 46. g4 Ng3 47. Bb3 e4 48. c4 Rh8 49. fxe4 Nxe4 50. Ra1 Ng5 51. Rf1 Rh3 52. Bd1 Rg3+ 53. Kh2 Rh3+ 54. Kg2 Rg3+ 55. Kh2 Ne4 56. c5 dxc5 57. bxc5 Bxc5 58. d6+ Kd8 59. Re1 Nf2 60. Rf1 Rh3+ 61. Kg2 Rg3+ 62. Kh2 Rd3 63. Be2 Rd2 64. Nc3 Ne4 65. Rd1 Rc2 66. Nxe4 Rxe2+ 67. Kh3 Rxe4 68. Kh4 f3 69. Rd5 f2 70. Kg3 f1=Q 71. Kh2 Qg1+ 72. Kh3 Qxg4+ 73. Kh2 Re2+ 74. Kh1 Qg2# 0-1

[Event "Sheikh Russel GM 2021"]
[Site "Dhaka"]
[Date "2021.10.23"]
[Round "5.15"]
[White "Savchenko, Stanislav"]
[Black "Harikrishnan.A.Ra"]
[Result "0-1"]
[ECO "D30"]
[WhiteElo "2473"]
[BlackElo "2429"]
[Annotator "ChessBase"]
[PlyCount "73"]
[EventDate "2021.10.19"]
[EventType "swiss"]
[EventCountry "BAN"]
[SourceTitle "playchess.com"]
[Source "ChessBase"]
[SourceQuality "1"]
[TimeControl "40/5400+30:1800+30"]

1. Nf3 d5 2. d4 Nf6 3. c4 c6 4. e3 e6 5. Bd3 dxc4 6. Bxc4 b5 7. Bd3 Nbd7 8. e4 h6 9. O-O Bb7 10. e5 Nd5 11. Nc3 N7b6 12. Ne4 a6 13. Bd2 Rc8 14. Rc1 Na4 15. Rc2 Nb4 16. Bxb4 Bxb4 17. Nc5 Nxc5 18. dxc5 Qd5 19. Qe2 Qxa2 20. Qe4 a5 21. Qg4 Kf8 22. Be4 Rd8 23. Qf4 Rd7 24. g4 Ke8 25. g5 Qb3 26. Nd2 hxg5 27. Qxg5 Qh3 28. Nf3 Bd2 29. Qg3 Qxg3+ 30. fxg3 Be3+ 31. Kg2 Ke7 32. Re1 Bh6 33. g4 Bf4 34. g5 g6 35. h4 Rhd8 36. b3 Rd1 37. Ree2 0-1

[Event "Sheikh Russel GM 2021"]
[Site "Dhaka"]
[Date "2021.10.23"]
[Round "5.16"]
[White "Vignesh N R"]
[Black "Murshed, Niaz"]
[Result "1/2-1/2"]
[ECO "B48"]
[WhiteElo "2453"]
[BlackElo "2410"]
[Annotator "ChessBase"]
[PlyCount "47"]
[EventDate "2021.10.19"]
[EventType "swiss"]
[EventCountry "BAN"]
[SourceTitle "playchess.com"]
[Source "ChessBase"]
[SourceQuality "1"]
[TimeControl "40/5400+30:1800+30"]

1. e4 c5 2. Nf3 e6 3. d4 cxd4 4. Nxd4 Nc6 5. Nc3 Qc7 6. Be3 a6 7. g4 b5 8. Nxc6 Qxc6 9. Qd2 Bb7 10. O-O-O Rd8 11. f3 Ne7 12. Qf2 Ng6 13. Ne2 Rc8 14. Nd4 Qc7 15. Nb3 Bd6 16. Bb6 Qb8 17. Kb1 Be5 18. Nc5 d6 19. Nd3 O-O 20. h4 Nf4 21. Ba7 Qc7 22. Bb6 Qb8 23. Ba7 Qc7 24. Bb6 1/2-1/2

[Event "Sheikh Russel GM 2021"]
[Site "Dhaka"]
[Date "2021.10.23"]
[Round "5.17"]
[White "Hossain, Enamul"]
[Black "Aronyak Ghosh"]
[Result "1/2-1/2"]
[ECO "D30"]
[WhiteElo "2396"]
[BlackElo "2445"]
[Annotator "ChessBase"]
[PlyCount "67"]
[EventDate "2021.10.19"]
[EventType "swiss"]
[EventCountry "BAN"]
[SourceTitle "playchess.com"]
[Source "ChessBase"]
[SourceQuality "1"]
[TimeControl "40/5400+30:1800+30"]

1. c4 c6 2. Nf3 d5 3. d4 e6 4. Qb3 dxc4 5. Qxc4 b5 6. Qd3 Nf6 7. g3 Bb7 8. Bg2 Nbd7 9. O-O a6 10. a4 Be7 11. Bg5 O-O 12. Nc3 Rc8 13. Rfd1 b4 14. Bxf6 gxf6 15. Ne4 f5 16. Nc5 Nxc5 17. dxc5 Qxd3 18. Rxd3 Rfd8 19. Rad1 Rxd3 20. Rxd3 Rc7 21. Ne5 Bxc5 22. Rd8+ Kg7 23. Nc4 Bc8 24. b3 Be7 25. Re8 e5 26. Nxe5 Be6 27. Nxc6 Bc5 28. Rb8 Rd7 29. Bf3 Bxb3 30. Nxb4 Bd6 31. Rb6 Bc5 32. Rb8 Bd6 33. Rb6 Bc5 34. Rb8 1/2-1/2

[Event "Sheikh Russel GM 2021"]
[Site "Dhaka"]
[Date "2021.10.23"]
[Round "5.18"]
[White "Malakhatko, Vadim"]
[Black "Shahil Dey"]
[Result "1/2-1/2"]
[ECO "D11"]
[WhiteElo "2444"]
[BlackElo "2398"]
[Annotator "ChessBase"]
[PlyCount "153"]
[EventDate "2021.10.19"]
[EventType "swiss"]
[EventCountry "BAN"]
[SourceTitle "playchess.com"]
[Source "ChessBase"]
[SourceQuality "1"]
[TimeControl "40/5400+30:1800+30"]

1. d4 d5 2. c4 c6 3. Nf3 Nf6 4. Qb3 e6 5. Bg5 Be7 6. e3 h6 7. Bh4 O-O 8. Nc3 Nbd7 9. Be2 b6 10. O-O Bb7 11. cxd5 exd5 12. Nd2 Re8 13. Qc2 Rc8 14. Rad1 a6 15. Qb1 c5 16. dxc5 bxc5 17. Nb3 Qb6 18. Bg3 Bd6 19. Bxd6 Qxd6 20. Qf5 Qb6 21. Rd2 Ne5 22. Rfd1 Qb4 23. Qc2 Qh4 24. h3 d4 25. exd4 cxd4 26. Rxd4 Qg5 27. g3 Nf3+ 28. Bxf3 Bxf3 29. Rf1 Nd5 30. Qd2 Nxc3 31. bxc3 Qb5 32. c4 Rxc4 33. Qf4 Rc3 34. Qd2 Rcc8 35. Qf4 Ba8 36. Nd2 Rc2 37. a4 Qc6 38. f3 Rc1 39. Rxc1 Qxc1+ 40. Nf1 Qc5 41. Qd6 Qc3 42. Rd3 Qc4 43. a5 Qb5 44. g4 Qxa5 45. Ra3 Qb5 46. Qxa6 Qc5+ 47. Kg2 Bd5 48. Re3 Rb8 49. Qe2 Bc6 50. Qd2 h5 51. Rc3 Qb5 52. Qc2 Rc8 53. Qd2 Re8 54. Kf2 Bb7 55. Re3 Rc8 56. Rc3 Qb6+ 57. Kg2 Ra8 58. gxh5 Qe6 59. Re3 Qc4 60. Rc3 Qh4 61. Nh2 Qxh5 62. Rd3 Qg6+ 63. Ng4 Qf5 64. Kg3 Re8 65. Re3 Rc8 66. Rc3 Ra8 67. Rd3 Kh7 68. Rb3 Ba6 69. Rb6 Bc4 70. Rc6 Be6 71. Qc2 Ra3 72. Qxf5+ Bxf5 73. Rc7 Be6 74. Kf2 Bd5 75. Ne3 Be6 76. Ng4 Kg6 77. Rc5 1/2-1/2

[Event "Sheikh Russel GM 2021"]
[Site "Dhaka"]
[Date "2021.10.23"]
[Round "5.19"]
[White "Srijit Paul"]
[Black "Das, Sayantan"]
[Result "1-0"]
[ECO "B90"]
[WhiteElo "2332"]
[BlackElo "2444"]
[Annotator "ChessBase"]
[PlyCount "129"]
[EventDate "2021.10.19"]
[EventType "swiss"]
[EventCountry "BAN"]
[SourceTitle "playchess.com"]
[Source "ChessBase"]
[SourceQuality "1"]
[TimeControl "40/5400+30:1800+30"]

1. e4 c5 2. Nf3 d6 3. d4 cxd4 4. Nxd4 Nf6 5. Nc3 a6 6. Be3 e5 7. Nb3 Be6 8. Qd2 Nbd7 9. f3 h5 10. O-O-O Rc8 11. h3 b5 12. Qf2 Rxc3 13. bxc3 d5 14. Bd3 Ba3+ 15. Kd2 Qa8 16. Nc5 Bxc5 17. Bxc5 dxe4 18. fxe4 Nxe4+ 19. Bxe4 Qxe4 20. Kc1 Qc4 21. Bd6 Qxc3 22. Qa7 Qc8 23. Bb4 Bf5 24. c3 Rh6 25. Rd5 Rc6 26. Rxe5+ Be6 27. Re3 a5 28. Qxa5 Qb7 29. Rd1 f6 30. a4 Rb6 31. axb5 Ne5 32. Rd6 Rxd6 33. Bxd6 Nc4 34. Rxe6+ Kf7 35. Qb4 Kxe6 36. Qxc4+ Kxd6 37. Qd4+ Ke6 38. b6 h4 39. Qc5 g5 40. Kd1 f5 41. c4 Qxg2 42. Qc8+ Ke5 43. Qh8+ Kd6 44. Qf8+ Ke6 45. Qh6+ Kd7 46. Qg7+ Ke6 47. Qg8+ Kd6 48. Qf8+ Ke6 49. Qd8 g4 50. hxg4 fxg4 51. Qg8+ Kd6 52. Qf8+ Ke6 53. Qh6+ Kd7 54. Qh7+ Ke6 55. b7 Qf1+ 56. Kd2 Qf2+ 57. Kc3 Qe3+ 58. Qd3 Qe5+ 59. Kb3 Qc7 60. Qd5+ Ke7 61. c5 Qg3+ 62. Ka4 Qf4+ 63. Ka5 Qc7+ 64. Ka6 Ke8 65. Qe6+ 1-0

[Event "Sheikh Russel GM 2021"]
[Site "Dhaka"]
[Date "2021.10.23"]
[Round "5.20"]
[White "Mohammad Nubairshah Shaikh"]
[Black "Mohammad Minhaz Uddin"]
[Result "1/2-1/2"]
[ECO "A17"]
[WhiteElo "2440"]
[BlackElo "2264"]
[Annotator "ChessBase"]
[PlyCount "136"]
[EventDate "2021.10.19"]
[EventType "swiss"]
[EventCountry "BAN"]
[SourceTitle "playchess.com"]
[Source "ChessBase"]
[SourceQuality "1"]
[TimeControl "40/5400+30:1800+30"]

1. Nf3 Nf6 2. c4 e6 3. Nc3 Bb4 4. Qc2 O-O 5. a3 Bxc3 6. Qxc3 d6 7. g3 e5 8. d3 e4 9. dxe4 Nxe4 10. Qc2 Bf5 11. Nh4 Qf6 12. Bg2 Re8 13. Nxf5 Qxf5 14. Be3 Qa5+ 15. b4 Qe5 16. O-O a5 17. Rad1 axb4 18. Rd5 Qe6 19. axb4 Nc6 20. Rb1 Qg6 21. b5 Nd8 22. Rdd1 Ra3 23. b6 Nc3 24. Qxg6 hxg6 25. bxc7 Ne6 26. Ra1 Rxa1 27. Rxa1 Nxc7 28. Ra3 Ne4 29. Bb6 Na6 30. Rd3 Nec5 31. Rxd6 Rxe2 32. Bd5 Re1+ 33. Kg2 Kf8 34. Ba5 Ra1 35. Bc3 Rc1 36. Bd2 Rc2 37. Be3 Rb2 38. Bg5 f6 39. Bc1 Rc2 40. Ba3 Ke8 41. Rb6 Ra2 42. Bc1 Nb8 43. Be3 Nbd7 44. Bxc5 Nxc5 45. Bxb7 Nd3 46. Be4 Nxf2 47. Bxg6+ Kd8 48. Rb8+ Kc7 49. Rg8 Ng4+ 50. Kh3 Nxh2 51. Rxg7+ Kd6 52. Rf7 Ke6 53. Rb7 Nf3 54. Bf7+ Kf5 55. Rb5+ Ne5 56. Bd5 Rc2 57. Ra5 Kg5 58. Be6 Kg6 59. Rc5 Rf2 60. Rc8 f5 61. Rf8 Kg7 62. Rg8+ Kf6 63. Bxf5 Rxf5 64. Rf8+ Nf7 65. Rc8 Ng5+ 66. Kg4 Ne6 67. c5 Rg5+ 68. Kh4 Ke5 1/2-1/2

[Event "Sheikh Russel GM 2021"]
[Site "Dhaka"]
[Date "2021.10.23"]
[Round "5.21"]
[White "Sourath Biswas"]
[Black "Haznedaroglu, Kivanc"]
[Result "0-1"]
[ECO "A45"]
[WhiteElo "2270"]
[BlackElo "2438"]
[Annotator "ChessBase"]
[PlyCount "170"]
[EventDate "2021.10.19"]
[EventType "swiss"]
[EventCountry "BAN"]
[SourceTitle "playchess.com"]
[Source "ChessBase"]
[SourceQuality "1"]
[TimeControl "40/5400+30:1800+30"]

1. d4 Nf6 2. Bf4 c5 3. e3 b6 4. c4 cxd4 5. exd4 Bb7 6. Nc3 g6 7. Nb5 d6 8. Qe2 Ne4 9. f3 a6 10. fxe4 axb5 11. cxb5 Bg7 12. Nf3 O-O 13. Qc2 e5 14. Bg5 Qc8 15. Bd3 exd4 16. O-O Nd7 17. Be7 Qxc2 18. Bxc2 Rfc8 19. Bb3 Nc5 20. Bd5 Bxd5 21. exd5 Ne4 22. Rfc1 Rc5 23. Rxc5 dxc5 24. d6 Bf8 25. Ne5 Nxd6 26. Bxd6 Bxd6 27. Nc4 Bc7 28. a4 Kf8 29. Kf2 Ke7 30. Ke2 Kd7 31. Kd3 Re8 32. h3 h5 33. a5 bxa5 34. b6 Bb8 35. Nxa5 Re3+ 36. Kc4 Re2 37. Kxc5 Rxb2 38. Nc4 Rxg2 39. Ra8 Bh2 40. b7 d3 41. b8=Q Bxb8 42. Rxb8 d2 43. Rb7+ Ke6 44. Rb6+ Ke7 45. Rd6 Rh2 46. h4 Rxh4 47. Rxd2 Rf4 48. Kd5 h4 49. Ne5 Kf6 50. Nd3 Ra4 51. Nc5 Rg4 52. Ne4+ Kg7 53. Ke5 Rg1 54. Kf4 f5 55. Nd6 Kf6 56. Ne8+ Kf7 57. Re2 Rg4+ 58. Kf3 Rd4 59. Nc7 g5 60. Ne6 Rd3+ 61. Kg2 Kg6 62. Rf2 Kf6 63. Nf8 Rg3+ 64. Kh2 g4 65. Nh7+ Kg7 66. Ng5 Kg6 67. Ne6 Re3 68. Nf8+ Kf6 69. Nh7+ Ke5 70. Ra2 Rd3 71. Nf8 Rd6 72. Nh7 Rd3 73. Nf8 h3 74. Ng6+ Kf6 75. Nf4 Rf3 76. Nh5+ Kg5 77. Ng3 Kh4 78. Nh1 f4 79. Ra4 Rf1 80. Rb4 g3+ 81. Nxg3 Rf2+ 82. Kg1 Kxg3 83. Rb3+ f3 84. Rb1 Rg2+ 85. Kh1 Rh2+ 0-1

[Event "Sheikh Russel GM 2021"]
[Site "Dhaka"]
[Date "2021.10.23"]
[Round "5.22"]
[White "Mohammad Fahad, Rahman"]
[Black "Sadikhov, Ulvi"]
[Result "1-0"]
[ECO "E92"]
[WhiteElo "2330"]
[BlackElo "2517"]
[Annotator "ChessBase"]
[PlyCount "81"]
[EventDate "2021.10.19"]
[EventType "swiss"]
[EventCountry "BAN"]
[SourceTitle "playchess.com"]
[Source "ChessBase"]
[SourceQuality "1"]
[TimeControl "40/5400+30:1800+30"]

1. d4 Nf6 2. c4 d6 3. Nf3 g6 4. Nc3 Bg7 5. e4 O-O 6. Be2 e5 7. Be3 c6 8. d5 Ng4 9. Bg5 f6 10. Bc1 f5 11. exf5 gxf5 12. Bg5 Qe8 13. O-O e4 14. Nd4 Qe5 15. Bxg4 fxg4 16. Be3 Bd7 17. Qc2 Re8 18. Nde2 c5 19. Ng3 Na6 20. Qxe4 Qf6 21. Qb1 Re5 22. Nce4 Qf8 23. Ng5 Bf5 24. Nxf5 Qxf5 25. Ne6 Qxb1 26. Raxb1 Re4 27. b3 Nb4 28. Bf4 Nxa2 29. Bxd6 Nc3 30. Rbe1 Re8 31. Bxc5 Ne2+ 32. Kh1 Bc3 33. Rd1 b6 34. Bd6 Bf6 35. f3 gxf3 36. Rxf3 Bb2 37. Rdf1 R8xe6 38. dxe6 Rxe6 39. Bb4 a5 40. Bd2 Bg7 41. Re1 1-0

[Event "Sheikh Russel GM 2021"]
[Site "Dhaka"]
[Date "2021.10.23"]
[Round "5.23"]
[White "Ahmed, Sheikh Nasir"]
[Black "Rios, Cristhian Camilo"]
[Result "0-1"]
[ECO "A10"]
[WhiteElo "2228"]
[BlackElo "2457"]
[Annotator "ChessBase"]
[PlyCount "70"]
[EventDate "2021.10.19"]
[EventType "swiss"]
[EventCountry "BAN"]
[SourceTitle "playchess.com"]
[Source "ChessBase"]
[SourceQuality "1"]
[TimeControl "40/5400+30:1800+30"]

1. c4 f5 2. g3 Nf6 3. Bg2 g6 4. Nc3 Bg7 5. d3 O-O 6. e4 d6 7. Nge2 c5 8. O-O Nc6 9. h3 e5 10. a3 f4 11. gxf4 Nh5 12. f5 gxf5 13. Ng3 Nf4 14. Bxf4 exf4 15. Nxf5 Bxf5 16. exf5 Rxf5 17. Qg4 Nd4 18. Bd5+ Kh8 19. Kh1 Rg5 20. Qxf4 Be5 21. Qe3 Nc2 22. Qd2 Qd7 23. f4 Qxh3+ 24. Qh2 Qxh2+ 25. Kxh2 Bxf4+ 26. Rxf4 Nxa1 27. Nb5 Rg6 28. Rh4 Rd8 29. Bxb7 Rg7 30. Be4 Nc2 31. Rh6 Ne3 32. Rxd6 Nf1+ 33. Kh3 Rf8 34. Rd5 Rg3+ 35. Kh4 Rf2 0-1

[Event "Sheikh Russel GM 2021"]
[Site "Dhaka"]
[Date "2021.10.23"]
[Round "5.24"]
[White "Gleizerov, Evgeny"]
[Black "Liyanage, Ranindu Dilshan"]
[Result "1-0"]
[ECO "E04"]
[WhiteElo "2443"]
[BlackElo "2273"]
[Annotator "ChessBase"]
[PlyCount "103"]
[EventDate "2021.10.19"]
[EventType "swiss"]
[EventCountry "BAN"]
[SourceTitle "playchess.com"]
[Source "ChessBase"]
[SourceQuality "1"]
[TimeControl "40/5400+30:1800+30"]

1. d4 Nf6 2. c4 e6 3. g3 d5 4. Nf3 dxc4 5. Bg2 a6 6. O-O Nc6 7. Qd2 Rb8 8. Ne5 Nd5 9. Nxc4 b5 10. Ne3 Bb4 11. Qd3 O-O 12. Nxd5 exd5 13. Bd2 Bxd2 14. Nxd2 Qf6 15. Nb3 Bf5 16. Qc3 b4 17. Qd2 a5 18. e3 Rfd8 19. Rac1 Rd6 20. Rc5 a4 21. Nc1 b3 22. axb3 axb3 23. Qc3 Ne7 24. Rxc7 h5 25. Nd3 h4 26. Ne5 h3 27. Bh1 Qe6 28. Rc5 Bc2 29. Nd3 Ng6 30. Nb4 Be4 31. f3 Bc2 32. Re1 Ne7 33. e4 dxe4 34. fxe4 Qd7 35. d5 Qa7 36. Re3 Qa1+ 37. Re1 Qa7 38. Qd4 Rxb4 39. Qxb4 Nc6 40. Qc3 Ne5 41. Qe3 Kh7 42. Rc3 Qa2 43. Qf4 Qa7+ 44. Qf2 Qe7 45. Qf5+ g6 46. Qxh3+ Kg7 47. Qf1 Rf6 48. Qe2 Qa7+ 49. Qe3 Qa4 50. h3 Kh7 51. Bg2 Nc4 52. Qd4 1-0

[Event "Sheikh Russel GM 2021"]
[Site "Dhaka"]
[Date "2021.10.24"]
[Round "6.9"]
[White "Shyam, Sundar M."]
[Black "Laxman, R.R."]
[Result "1-0"]
[ECO "C65"]
[WhiteElo "2518"]
[BlackElo "2411"]
[Annotator "ChessBase"]
[PlyCount "268"]
[EventDate "2021.10.19"]
[EventType "swiss"]
[EventCountry "BAN"]
[SourceTitle "playchess.com"]
[Source "ChessBase"]
[SourceQuality "1"]
[TimeControl "40/5400+30:1800+30"]

1. e4 e5 2. Nf3 Nc6 3. Bb5 Nf6 4. d3 Bc5 5. c3 O-O 6. O-O d6 7. Nbd2 a6 8. Bxc6 bxc6 9. d4 exd4 10. cxd4 Ba7 11. Qc2 Bd7 12. Re1 h6 13. b3 c5 14. Bb2 cxd4 15. Bxd4 Bxd4 16. Nxd4 c5 17. N4f3 Bc6 18. Rad1 Qc7 19. Nh4 Rfe8 20. Nf5 Bd7 21. Ng3 Rad8 22. h3 Bc6 23. Qc3 Re6 24. Nf5 h5 25. f3 g6 26. Ne3 Rde8 27. Ndc4 d5 28. exd5 Nxd5 29. Nxd5 Bxd5 30. Rxe6 Bxe6 31. Nd6 Rd8 32. Qe5 c4 33. bxc4 Bxc4 34. a3 Be6 35. Kh2 Kh7 36. f4 Rd7 37. Rd3 h4 38. Rd4 Qc3 39. f5 Qg3+ 40. Qxg3 hxg3+ 41. Kxg3 gxf5 42. Kf4 Kg6 43. Rd3 Re7 44. Re3 Rd7 45. Ke5 f4 46. Rf3 Re7 47. Kxf4 Bd5 48. Rd3 Bc6 49. Rc3 Bd5 50. Rc5 Ba8 51. Rc8 Bd5 52. g4 Re6 53. Rg8+ Kh7 54. Rd8 Re1 55. Kg5 Re5+ 56. Nf5 Be6 57. Kf6 Ra5 58. Rd3 Ra4 59. Nd4 Bc4 60. Rc3 Bd5 61. Ke5 Ra5 62. Kf6 Ra4 63. Ne2 Be6 64. Ng3 Rf4+ 65. Kg5 Ra4 66. Nf5 Ra5 67. h4 Ra4 68. h5 Re4 69. Rg3 a5 70. Nd6 Rd4 71. Ne8 Rd5+ 72. Kf6 Rd8 73. Ke7 Rd7+ 74. Kf8 Rd8 75. g5 Bd7 76. g6+ fxg6 77. hxg6+ Kh6 78. g7 Bxe8 79. g8=N+ Kh5 80. Ke7 Ra8 81. Nf6+ Kh4 82. Rc3 Bb5 83. Kd6 Rd8+ 84. Ke5 Rd3 85. Rc5 Rb3 86. a4 Bd3 87. Rxa5 Kg5 88. Nd7 Bf1 89. Nc5 Ra3 90. Ra8 Kg6 91. a5 Ra1 92. Nb3 Re1+ 93. Kd4 Kg7 94. Nd2 Bb5 95. Rb8 Bc6 96. Rb6 Bg2 97. a6 Kf7 98. Nc4 Ke7 99. Rg6 Bh1 100. a7 Kd8 101. Rh6 Bg2 102. Kc5 Ra1 103. Rh7 Be4 104. Rg7 Bh1 105. Rf7 Bg2 106. Ne3 Be4 107. Rg7 Bf3 108. Nc4 Bh1 109. Nd6 Ra6 110. Nb7+ Kc8 111. Nd6+ Kd8 112. Nb5 Kc8 113. Rh7 Bg2 114. Rh2 Bf3 115. Rh8+ Kd7 116. Rh7+ Kc8 117. Nd4 Bg2 118. Rg7 Be4 119. Re7 Bg2 120. Ne6 Rc6+ 121. Kb5 Rc1 122. Rg7 Ba8 123. Nc5 Rb1+ 124. Kc4 Rc1+ 125. Kb4 Rb1+ 126. Ka3 Bd5 127. Rg5 Bf3 128. Ka2 Rb5 129. Ne4 Rb6 130. Nc5 Bd5+ 131. Ka3 Bf3 132. Ne4 Rb5 133. Nc5 Rb6 134. Rg8+ Kc7 1-0

[Event "Sheikh Russel GM 2021"]
[Site "Dhaka"]
[Date "2021.10.24"]
[Round "6.10"]
[White "Visakh N R"]
[Black "Karpatchev, Aleksandr"]
[Result "1-0"]
[ECO "C58"]
[WhiteElo "2515"]
[BlackElo "2427"]
[Annotator "ChessBase"]
[PlyCount "51"]
[EventDate "2021.10.19"]
[EventType "swiss"]
[EventCountry "BAN"]
[SourceTitle "playchess.com"]
[Source "ChessBase"]
[SourceQuality "1"]
[TimeControl "40/5400+30:1800+30"]

1. e4 e5 2. Nf3 Nc6 3. Bc4 Nf6 4. Ng5 d5 5. exd5 Na5 6. Bb5+ c6 7. dxc6 bxc6 8. Bd3 Nd5 9. Nf3 Bd6 10. O-O O-O 11. Re1 Re8 12. Nc3 f5 13. Bf1 e4 14. Nxd5 cxd5 15. Nd4 Be5 16. c3 Bxd4 17. cxd4 Qb6 18. d3 Ba6 19. Be3 Qxb2 20. Rb1 Qa3 21. Bc1 Qd6 22. Qa4 Nb7 23. Ba3 Qe6 24. dxe4 Bxf1 25. Kxf1 Qf7 26. exd5 1-0

[Event "Sheikh Russel GM 2021"]
[Site "Dhaka"]
[Date "2021.10.24"]
[Round "6.11"]
[White "Mitrabha, Guha"]
[Black "Karthikeyan, P.."]
[Result "1-0"]
[ECO "D72"]
[WhiteElo "2479"]
[BlackElo "2404"]
[Annotator "ChessBase"]
[PlyCount "81"]
[EventDate "2021.10.19"]
[EventType "swiss"]
[EventCountry "BAN"]
[SourceTitle "playchess.com"]
[Source "ChessBase"]
[SourceQuality "1"]
[TimeControl "40/5400+30:1800+30"]

1. d4 Nf6 2. c4 g6 3. g3 Bg7 4. Bg2 d5 5. cxd5 Nxd5 6. e4 Nb4 7. d5 c6 8. a3 N4a6 9. Ne2 cxd5 10. exd5 O-O 11. O-O Nd7 12. Nbc3 Ne5 13. h3 Nc4 14. b3 Nd6 15. Be3 Bd7 16. b4 Qc8 17. Kh2 Qc4 18. Qd2 Nf5 19. Bg5 h6 20. Bf4 e5 21. Be3 Nd4 22. Rad1 Nxe2 23. Nxe2 e4 24. Rc1 Qd3 25. Qxd3 exd3 26. Nf4 Bb2 27. Rb1 Bxa3 28. Nxd3 Bf5 29. Rfd1 Rad8 30. Rb3 Bxd3 31. Rxa3 Bb5 32. Bxh6 Rfe8 33. Rd4 Nc7 34. Bg5 Ne6 35. Bxd8 Nxd4 36. Bf6 Nf5 37. Rxa7 Nd6 38. Ra2 Bc4 39. Rd2 b5 40. Rd4 Nf5 41. Rf4 1-0

[Event "Sheikh Russel GM 2021"]
[Site "Dhaka"]
[Date "2021.10.24"]
[Round "6.12"]
[White "Rasulov, Vugar"]
[Black "Srijit Paul"]
[Result "1-0"]
[ECO "B23"]
[WhiteElo "2452"]
[BlackElo "2332"]
[Annotator "ChessBase"]
[PlyCount "95"]
[EventDate "2021.10.19"]
[EventType "swiss"]
[EventCountry "BAN"]
[SourceTitle "playchess.com"]
[Source "ChessBase"]
[SourceQuality "1"]
[TimeControl "40/5400+30:1800+30"]

1. e4 c5 2. Nc3 a6 3. d4 cxd4 4. Qxd4 Nc6 5. Qe3 e6 6. Nf3 d6 7. Bd2 Nf6 8. Qg5 b5 9. Bd3 h6 10. Qg3 Nh5 11. Qh3 Nf6 12. O-O-O e5 13. Qg3 Nh5 14. Qh4 Be7 15. Qxh5 g6 16. Qxh6 Rxh6 17. Bxh6 Be6 18. h4 Qa5 19. h5 gxh5 20. Rxh5 O-O-O 21. Kb1 Rh8 22. Nd5 Qd8 23. c4 bxc4 24. Bxc4 Kb7 25. a3 Qd7 26. Rhh1 Bf8 27. Bxf8 Rxf8 28. Rd3 Na5 29. Ba2 Rc8 30. Rhd1 Qa4 31. Ng5 Qc2+ 32. Ka1 Qxf2 33. Nxe6 fxe6 34. Nc3 Nc4 35. Rb1 Qb6 36. g4 Ne3 37. Bxe6 Nc2+ 38. Ka2 Rh8 39. Nd5 Qf2 40. Ne7 Nd4 41. Bd5+ Kc7 42. Nf5 Rh2 43. Nxd4 exd4 44. Rc1+ Kb6 45. Rb3+ Ka5 46. Rc6 d3 47. Bc4 Qa7 48. Rxd6 1-0

[Event "Sheikh Russel GM 2021"]
[Site "Dhaka"]
[Date "2021.10.24"]
[Round "6.13"]
[White "Neelash Saha"]
[Black "Vignesh N R"]
[Result "0-1"]
[ECO "E01"]
[WhiteElo "2421"]
[BlackElo "2453"]
[Annotator "ChessBase"]
[PlyCount "96"]
[EventDate "2021.10.19"]
[EventType "swiss"]
[EventCountry "BAN"]
[SourceTitle "playchess.com"]
[Source "ChessBase"]
[SourceQuality "1"]
[TimeControl "40/5400+30:1800+30"]

1. d4 Nf6 2. c4 e6 3. g3 c5 4. Nf3 cxd4 5. Nxd4 d5 6. Bg2 e5 7. Nf3 d4 8. O-O Nc6 9. e3 Be7 10. exd4 exd4 11. Bf4 Be6 12. Nbd2 O-O 13. Rc1 Nh5 14. Nxd4 Nxf4 15. Nxc6 bxc6 16. gxf4 Qd6 17. Nb3 Qxf4 18. Qf3 Qe5 19. Qc3 Qxc3 20. Rxc3 Bf6 21. Rc2 Rab8 22. Na5 Rxb2 23. Rxb2 Bxb2 24. Rb1 Bf6 25. Nxc6 Bxc4 26. a4 h5 27. Nxa7 Rd8 28. Rc1 Bb3 29. a5 Rd2 30. Nc6 Ra2 31. Be4 g6 32. Rb1 Be6 33. f4 Bh4 34. Kh1 Ra4 35. Bg2 Kg7 36. Rd1 Bg4 37. Rb1 Bf2 38. Bd5 Bh3 39. Bg2 Bf5 40. Rf1 Be3 41. Ne7 Bd3 42. Rd1 Bc2 43. Rf1 Rxa5 44. h3 Bd3 45. Rd1 Bxf4 46. Bd5 Be2 47. Re1 Rxd5 48. Rxe2 Rc5 0-1

[Event "Sheikh Russel GM 2021"]
[Site "Dhaka"]
[Date "2021.10.24"]
[Round "6.14"]
[White "Debashis, Das"]
[Black "Hossain, Enamul"]
[Result "1/2-1/2"]
[ECO "A04"]
[WhiteElo "2501"]
[BlackElo "2396"]
[Annotator "ChessBase"]
[PlyCount "148"]
[EventDate "2021.10.19"]
[EventType "swiss"]
[EventCountry "BAN"]
[SourceTitle "playchess.com"]
[Source "ChessBase"]
[SourceQuality "1"]
[TimeControl "40/5400+30:1800+30"]

1. c4 c5 2. Nc3 g6 3. g3 Bg7 4. Bg2 Nc6 5. Nf3 e6 6. d4 cxd4 7. Nb5 d5 8. cxd5 exd5 9. O-O Nf6 10. Nbxd4 O-O 11. Nxc6 bxc6 12. Qc2 Bb7 13. Be3 Re8 14. Bd4 a5 15. Rfd1 Bf8 16. b3 Ne4 17. Ne5 c5 18. Bb2 Bg7 19. Bxe4 Bxe5 20. Bf3 Rc8 21. Rd2 Qf6 22. Rad1 Red8 23. Bxe5 Qxe5 24. Rd3 a4 25. bxa4 Bc6 26. a5 d4 27. Bxc6 Rxc6 28. e3 Rcd6 29. exd4 Rxd4 30. Rxd4 cxd4 31. a6 d3 32. Qa4 Qd4 33. Qxd4 Rxd4 34. Kf1 h5 35. Ra1 Ra4 36. Ke1 Kf8 37. Kd2 Ra3 38. a7 Ke7 39. a8=Q Rxa8 40. a4 Ra5 41. Kxd3 Kd6 42. Ke4 Re5+ 43. Kd4 Ra5 44. Ra3 g5 45. Kc4 g4 46. Kd4 Rd5+ 47. Kc4 Ra5 48. Kb4 Rf5 49. a5 Kc7 50. a6 Kb8 51. a7+ Ka8 52. Ra2 Rd5 53. Kc4 Rd6 54. Kc5 Rd3 55. Ra4 Rd7 56. Kc6 Re7 57. Kd5 Re1 58. Kc6 Rc1+ 59. Kb6 Rb1+ 60. Ka6 Rb7 61. Rf4 Rxa7+ 62. Kb6 Re7 63. Kc6 Kb8 64. Kd6 Re1 65. Rf5 Kc8 66. Rxf7 Rh1 67. Rf8+ Kb7 68. Rf5 Rxh2 69. Ke5 Kc6 70. Kf6 Kd6 71. Kg6 Ke7 72. Rxh5 Rxf2 73. Rh4 Kf8 74. Rxg4 Kg8 1/2-1/2

[Event "Sheikh Russel GM 2021"]
[Site "Dhaka"]
[Date "2021.10.24"]
[Round "6.15"]
[White "Rios, Cristhian Camilo"]
[Black "Kislinsky, Alexey"]
[Result "1-0"]
[ECO "A43"]
[WhiteElo "2457"]
[BlackElo "2335"]
[Annotator "ChessBase"]
[PlyCount "109"]
[EventDate "2021.10.19"]
[EventType "swiss"]
[EventCountry "BAN"]
[SourceTitle "playchess.com"]
[Source "ChessBase"]
[SourceQuality "1"]
[TimeControl "40/5400+30:1800+30"]

1. d4 g6 2. c4 Bg7 3. Nc3 c5 4. d5 d6 5. e4 e6 6. Bd3 a6 7. Nge2 Nd7 8. Bc2 exd5 9. cxd5 b5 10. O-O Ne7 11. f4 b4 12. Na4 f5 13. e5 Bb7 14. exd6 Nxd5 15. Re1 Kf8 16. Bb3 N5b6 17. Be3 Nxa4 18. Bxa4 Bxb2 19. Rb1 Bf6 20. Rc1 Rc8 21. Nd4 cxd4 22. Rxc8 Qxc8 23. Bxd4 Qc4 24. Bxf6 Nxf6 25. d7 Qc5+ 26. Kh1 Kg7 27. d8=Q Rxd8 28. Qxd8 Be4 29. Qd2 Nd5 30. Bb3 Qc3 31. Qxc3+ Nxc3 32. Kg1 a5 33. Kf2 a4 34. Bc4 Kf6 35. g3 Nxa2 36. Bxa2 b3 37. Ra1 Ke6 38. Ke3 Kd5 39. Bb1 Bxb1 40. Rxa4 Bc2 41. Kd2 Ke6 42. Ra7 h6 43. Ra6+ Kf7 44. h4 h5 45. Kc3 Kg7 46. Rb6 Kf7 47. Kd4 Ke7 48. Ke5 Kd7 49. Kf6 Kc7 50. Rb4 Kd6 51. Kxg6 Kc5 52. Rb8 Kc4 53. Kxh5 Kc3 54. Kg6 b2 55. Rxb2 1-0